 Dungeon Crawl Stone Soup version 0.23.2-40-g277498a (webtiles) character file.

Game seed: 12590320172605442409

23 CrazyJ the Grave Robber (level 2, -5/22 HPs)
             Began as a Draconian Necromancer on Sept 9, 2019.
             Slain by a worm (12 damage)
             ... on level 1 of the Dungeon.
             The game lasted 00:09:09 (1475 turns).

CrazyJ the Grave Robber (Draconian Necromancer)     Turns: 1475, Time: 00:09:10

Health: -5/22      AC:  6    Str: 10    XL:     2   Next: 75%
Magic:  5/5        EV: 12    Int: 15    God:
Gold:   38         SH:  0    Dex: 11    Spells: 3/5 levels left

rFire    . . .     SeeInvis .   k - +0 short sword
rCold    . . .     Gourm    .   (no shield)
rNeg     . . .     Faith    .   (armour unavailable)
rPois    .         Spirit   .   (helmet restricted)
rElec    .         Reflect  .   d - +1 cloak
rCorr    .         Harm     .   (no gloves)
MR       .....                  (no boots)
Stlth    ++........             (no amulet)
HPRegen  0.07/turn              (no ring)
MPRegen  0.09/turn              (no ring)

@: no status effects
A: unfitting armour, cold-blooded, AC +4
a: no special abilities


You were on level 1 of the Dungeon.
You were not hungry.

You visited 1 branch of the dungeon, and saw 2 of its levels.

You collected 38 gold pieces.

Inventory:

Hand Weapons
 g - a +0 dagger
 k - a +0 short sword (weapon)
 q - a +0 short sword
 r - a +0 mace
Missiles
 c - 26 arrows
 j - 11 bolts
 l - 11 stones (quivered)
 n - 5 poisoned needles
 u - 17 sling bullets
Armour
 d - a +1 cloak (worn)
Scrolls
 a - 2 scrolls of remove curse {unknown}
 i - a scroll of enchant armour {unknown}
 m - 2 scrolls of blinking {unknown}
 o - a scroll of fog {unknown}
 p - a scroll of identify {unknown}
 s - 3 scrolls of immolation {unknown}
Potions
 e - a potion of haste {unknown}
 f - a potion of invisibility {unknown}
 h - 2 potions of agility {unknown}
 t - a potion of flight {unknown}
Comestibles
 b - 4 rations


   Skills:
 + Level 0.7 Fighting
 + Level 0.0 Short Blades
 + Level 2.0 Dodging
 - Level 1.7 Stealth
 - Level 0.1 Unarmed Combat
 * Level 2.2 Spellcasting
 * Level 4.4 Necromancy


You had 3 spell levels left.
You knew the following spells:

 Your Spells              Type           Power        Failure   Level  Hunger
a - Pain                  Necr           ##..         3%          1    #......
b - Animate Skeleton      Necr           N/A          3%          1    #......

Your spell library contained the following spells:

 Spells                   Type           Power        Failure   Level  Hunger
 Vampiric Draining        Necr           ##........   11%         3    ###....
 Regeneration             Chrm/Necr      #.........   26%         3    ###....
 Animate Dead             Necr           N/A          34%         4    #####..


Dungeon Overview and Level Annotations

Branches:
Dungeon (2/15)

Altars:


Innate Abilities, Weirdness & Mutations

Your plain brown scales are hard. (AC +4)
You cannot fit into any form of body armour.
You are cold-blooded and may be slowed by cold attacks.


Message History

Casting: Pain (safe; 3% risk of failure)
Confirm with . or Enter, or press ? or * to list all spells.
Aiming: Pain (safe; 3% risk of failure)
Press: ? - help, Shift-Dir - straight line, f/p - worm
Aim: a worm (lightly wounded, chance to defeat MR: 79%)
The worm writhes in agony.
Casting: Pain (safe; 3% risk of failure)
Confirm with . or Enter, or press ? or * to list all spells.
Aiming: Pain (safe; 3% risk of failure)
Press: ? - help, Shift-Dir - straight line, f/p - worm
Aim: a worm (chance to defeat MR: 79%)
The worm writhes in agony.
The worm bites you.
* * * LOW HITPOINT WARNING * * *
There is a stone staircase leading down, spattered with blood here.
Why would you want to do that? Why would you want to do that?
Why would you want to do that? The worm bites you!
Ouch! That really hurt!
You die...

## .## ..########
#..w.....##
########..#########
#..........# ####
#..........#
...#####.........w#
................@.#
≈≈≈≈≈≈≈≈#####≈≈≈≈≈≈≈≈≈#
#######≈#≈♣≈#≈#######≈#
#....8####8####8....#
#.....'.......'.....#≈#
#8...8##8#'#8##8...8#≈#
###'######'######'###≈#
#≈#.##♣♣.....♣♣##.#≈#≈#
♣♣8.#♣≈.......≈♣#.8♣♣≈#


You could see a worm.

Vanquished Creatures
  An adder zombie (D:1)
  2 bats (D:1)
  A bat zombie (D:1)
  2 goblins (D:1)
  3 hobgoblins (D:1)
  5 kobolds (D:1)
  A rat (D:1)
15 creatures vanquished.

Vanquished Creatures (collateral kills)
  A leopard gecko (D:1)
  A rat (D:1)
2 creatures vanquished.

Grand Total: 17 creatures vanquished

Notes
Turn   | Place    | Note
-------+----------+-------------------------------------------
     0 | D:1      | CrazyJ the Draconian Necromancer began the quest for the
                  | Orb.
     0 | D:1      | Reached XP level 1. HP: 14/14 MP: 3/3
   555 | D:1      | Learned a level 1 spell: Animate Skeleton
   603 | D:1      | Reached XP level 2. HP: 15/20 MP: 0/5
  1475 | D:1      | Slain by a worm

Skill      XL: |  1  2 |
---------------+-------+-----
Dodging        | 2 |  2.0
Fighting       | |  0.7
Stealth        | |  1.7
Unarmed Combat | |  0.1
Spellcasting   | |  2.2
Necromancy     | |  4.4

Action                   || total
-------------------------++-------
Melee: Unarmed           ||    29
       Tailslap          ||     3
       Short sword       ||    16
       Dagger            ||     2
 Cast: Pain              ||    26
       Animate Skeleton  ||     7
  Eat: Chunk             ||     2
Armor: Skin              ||    20
Dodge: Dodged            ||    38
